 Dungeon Crawl Stone Soup version 0.28.0 (webtiles) character file.

Game seed: 9991241238435702930

219 mkm the Firebug (level 5, 0/28 HPs)
             Began as a Gargoyle Fire Elementalist on Feb 10, 2022.
             Slain by a gnoll shaman (2 damage)
             ... on level 4 of the Dungeon.
             The game lasted 00:14:45 (3866 turns).

mkm the Firebug (Gargoyle Fire Elementalist)        Turns: 3866, Time: 00:14:45

Health: 0/28       AC:  8    Str: 12    XL:     5   Next: 96%
Magic:  0/11       EV:  6    Int: 17    God:
Gold:   201        SH:  0    Dex: 10    Spells: 8/12 levels left

rFire   . . .      SeeInvis .   j - +4 mace (protect)
rCold   . . .      Faith    .   (no shield)
rNeg    + . .      Spirit   .   a - +0 robe
rPois   ∞          Reflect  .   g - +0 helmet
rElec   +          Harm     .   e - +0 cloak
rCorr   .          Rampage  .   (no gloves)
Will    .....                   (no boots)
Stlth   ++........              (no amulet)
HPRegen 0.09/turn               (no ring)
MPRegen 0.12/turn               (no ring)

@: held
A: sickness immunity, AC +4, negative energy resistance 1, electricity
resistance, torment resistance 1, petrification resistance
a: no special abilities


You were on level 4 of the Dungeon.
You visited 1 branch of the dungeon, and saw 4 of its levels.

You collected 201 gold pieces.

Inventory:

Hand Weapons
 j - a +4 mace of protection (weapon)
Armour
 a - a +0 robe (worn)
 e - a +0 cloak (worn)
 g - a +0 helmet (worn)
Wands
 d - a wand of iceblast (7)
Scrolls
 c - 2 scrolls of teleportation {unknown}
 f - a scroll of immolation {unknown}
 h - 2 scrolls of magic mapping
 i - a scroll of brand weapon {unknown}
 k - a scroll of blinking {unknown}
Potions
 b - a potion of brilliance
 l - a potion of resistance


   Skills:
 - Level 1.5 Dodging
 - Level 2.1 Stealth
 + Level 4.1 Spellcasting
 - Level 1.1 Conjurations
 + Level 5.0 Fire Magic


You had 8 spell levels left.
You knew the following spells:

 Your Spells              Type           Power      Damage    Failure   Level
a - Foxfire               Conj/Fire      52%        2x1d6     4%          1
b - Conjure Flame         Conj/Fire      13%        6-21      13%         3

Your spell library contained the following spells:

 Spells                   Type           Power      Damage    Failure   Level
 Scorch                   Fire           40%        2d7       3%          2
 Inner Flame              Hex/Fire       12%        N/A       17%         3
 Ignite Poison            Fire/Tmut/Pois 9%         N/A       24%         3
 Flame Wave               Conj/Fire      13%        2d6       41%         4
 Sticky Flame             Conj/Fire      13%        2d4       41%         4


Dungeon Overview and Level Annotations

Branches:
Dungeon (4/15)
 Temple: D:4-7

Altars:
Fedhas
Nemelex Xobeh
Qazlal
Zin

Annotations:
D:2 1 runed translucent door, Crazy Yiuf


Innate Abilities, Weirdness & Mutations

You are immune to sickness and miasma.
Your stone body is resilient. (AC +4)
You are immune to poison.
You resist negative energy. (rN+)
You are resistant to electric shocks. (rElec)
You are resistant to unholy torment.
You are immune to petrification.


Message History

The gnoll shaman completely resists.
The gnoll shaman is moderately wounded.
The foxfire hits the gnoll shaman but does no damage.
The gnoll shaman is moderately wounded.
Your magical contamination has completely faded away.
You conjure some foxfire!
The foxfire hits the gnoll shaman but does no damage.
The gnoll shaman is moderately wounded.
The foxfire hits the gnoll shaman.
The gnoll shaman resists.
The gnoll shaman is moderately wounded.
You conjure some foxfire!
The foxfire hits the gnoll shaman but does no damage.
The gnoll shaman is moderately wounded.
The foxfire hits the gnoll shaman.
The gnoll shaman resists.
The gnoll shaman is heavily wounded.
The gnoll closely misses you.
You conjure some foxfire!
The foxfire hits the gnoll shaman.
The gnoll shaman completely resists.
The gnoll shaman is heavily wounded.
The foxfire hits the gnoll shaman.
The gnoll shaman completely resists.
The gnoll shaman is heavily wounded.
The gnoll hits you from afar with a +0 halberd!
Unknown command.
You struggle against the net.
The foxfire hits the gnoll shaman but does no damage.
The gnoll shaman is heavily wounded.
The foxfire hits the gnoll shaman but does no damage.
The gnoll shaman is heavily wounded.
The gnoll hits you from afar with a +0 halberd!
The gnoll shaman hits you with a +0 whip.
* * * LOW HITPOINT WARNING * * *
The gnoll hits you from afar with a +0 spear.
* * * LOW HITPOINT WARNING * * *
You are too injured to fight recklessly!
You are too injured to fight recklessly!
Casting: Foxfire (safe; 4% risk of failure)
Confirm with . or Enter, or press ? or * to list all spells.
You conjure some foxfire!
The gnoll shaman hits you with a +0 whip.
You die...

#######
..###g.gv.##
.....gv@).>##.#
....#.#g§<....#
# # #########


You could see a gnoll shaman (ally target) and 3 gnolls.

Vanquished Creatures
  An ogre (D:3)
  Ijyb (D:3)
  Robin (D:3)
  2 adders (D:2)
  A dart slug (D:1)
  A worm (D:3)
  6 ball pythons
  10 bats
  9 endoplasms
  18 goblins
  8 hobgoblins
  2 quokkas
  2 frilled lizards
  5 kobolds
  2 rats
69 creatures vanquished.

Vanquished Creatures (others)
  203 foxfires
  6 plants (D:3)
209 creatures vanquished.

Grand Total: 278 creatures vanquished

Notes
Turn   | Place    | Note
-------+----------+-------------------------------------------
     0 | D:1      | mkm the Gargoyle Fire Elementalist began the quest for the
                  | Orb.
     0 | D:1      | Reached XP level 1. HP: 10/10 MP: 3/3
   155 | D:1      | Reached XP level 2. HP: 15/15 MP: 0/5
   577 | D:1      | Reached XP level 3. HP: 19/19 MP: 2/6
  1075 | D:1      | Learned a level 3 spell: Conjure Flame
  1410 | D:2      | Found a glowing silver altar of Zin.
  1525 | D:2      | Found a runed translucent door.
  1526 | D:2      | Noticed Crazy Yiuf
  1791 | D:2      | Reached skill level 4 in Fire Magic
  1791 | D:2      | Reached XP level 4. HP: 22/24 MP: 2/8
  2276 | D:3      | Noticed Robin
  2539 | D:3      | Killed Robin
  2647 | D:3      | Noticed an ogre
  2687 | D:3      | Killed an ogre
  2688 | D:3      | Reached XP level 5. HP: 28/28 MP: 3/10
  2790 | D:3      | Found a stormy altar of Qazlal.
  2792 | D:3      | Found a blossoming altar of Fedhas.
  3062 | D:3      | Noticed Ijyb
  3117 | D:3      | Killed Ijyb
  3118 | D:3      | Reached skill level 5 in Fire Magic
  3308 | D:3      | Found a sparkling altar of Nemelex Xobeh.
  3866 | D:4      | Slain by a gnoll shaman

Illustrated notes

Levels and vault maps discovered:
D:1:      kennysheep_arrival_seaside, layout_basic, st_stairs_8
D:2:      kennysheep_big_flooded_room, layout_basic, basic_altar,
          uniq_crazy_yiuf_cottage
D:3:      layout_basic, grunt_temple_overflow_forces_of_nature,
          nemelex_diamond_rough_becter, serial_glass, glass_columns_c,
          glass_columns_b, glass_columns_a, glass_columns_c, chequers_big_river,
          uniq_robin, uniq_ijyb
D:4:      layout_basic, tso_metal_star, serial_glass, glass_columns_c,
          glass_columns_a, enter_ossuary_1, chequers_serial_rivers_room_b

Skill      XL: |  1  2  3  4  5 |
---------------+----------------+-----
Spellcasting   | 3 4 |  4.1
Fire Magic     | 4 5 |  5.0
Dodging        | |  1.5
Stealth        | |  2.1
Conjurations   | |  1.1

Action                   |  1- 3 |  4- 6 || total
-------------------------+-------+-------++-------
Melee: Dagger            |     8 |       ||     8
       Mace              |       |     9 ||     9
 Cast: Foxfire           |    52 |    74 ||   126
  Use: Scroll            |     2 |     2 ||     4
Armor: Robe              |    11 |    25 ||    36
Dodge: Dodged            |    23 |    30 ||    53
